 Dungeon Crawl Stone Soup version 0.21.1-1-g345015fe64 (webtiles) character file.

9888 NullDivider the Covert (level 11, -4/60 HPs)
             Began as a Spriggan Artificer on May 18, 2018.
             Was an Initiate of Gozag.
             Killed by drain life
             ... invoked by a soul eater
             ... summoned by an orc sorcerer
              (10 damage)
             ... on level 11 of the Dungeon.
             The game lasted 01:26:04 (18049 turns).

NullDivider the Covert (Spriggan Artificer)        Turns: 18049, Time: 01:26:04

Health: -4/60      AC:  5    Str:  8    XL:     11   Next: 28%
Magic:  18/18      EV: 28    Int: 13    God:    Gozag
Gold:   454        SH:  4    Dex: 22    Spells: 1/10 levels left

rFire    . . .     SeeInvis +   t - +2 hunting sling (freeze)
rCold    . . .     Gourm    .   (shield restricted)
rNeg     . . .     Faith    .   b - +0 robe
rPois    .         Spirit   .   y - +2 hat {SInv}
rElec    .         Reflect  +   k - +0 cloak
rCorr    .         Harm     .   (gloves unavailable)
MR       +....                  (boots unavailable)
Stlth    ++++++....             a - +4 amulet of reflection
HPRegen  0.20/turn              l - +2 ring of dexterity
MPRegen  0.16/turn              B - ring of stealth

@: very quick
A: very small, unfitting armour, see invisible, herbivore, speed 3, slow
metabolism 2
a: Potion Petition, Call Merchant, Bribe Branch, Renounce Religion


You were on level 11 of the Dungeon.
You worshipped Gozag.
Gozag was aware of your devotion.
You were near starving.

You visited 2 branches of the dungeon, and saw 12 of its levels.

You collected 1264 gold pieces.
You spent 693 gold pieces at shops.
You paid 117 gold pieces to Gozag.

Inventory:

Hand Weapons
 t - a +2 hunting sling of freezing (weapon)
 w - a +0 dagger of protection
 E - a +1 dagger of venom
Missiles
 p - 248 stones (quivered)
 F - 36 sling bullets
Armour
 b - a +0 robe (worn)
 k - a +0 cloak (worn)
 y - a +2 hat of see invisible (worn)
Jewellery
 a - a +4 amulet of reflection (around neck)
 l - a +2 ring of dexterity (left hand)
 o - a +5 ring of strength
 B - a ring of stealth (right hand)
 I - an uncursed ring of wizardry
 P - an uncursed ring of protection from fire
Wands
 d - a wand of enslavement (21)
 e - a wand of random effects (38)
 g - a wand of polymorph (25)
 z - a wand of acid (14)
 K - a wand of flame (12)
 M - a wand of digging (10)
 N - a wand of disintegration (6)
Scrolls
 h - a scroll of fear {unknown}
 j - 3 scrolls of blinking
 n - 7 scrolls of magic mapping
 q - 3 scrolls of fog
 r - 6 scrolls of teleportation
 u - 4 scrolls of remove curse
 x - a scroll of enchant armour {unknown}
 A - a scroll of brand weapon {unknown}
 C - 2 scrolls of immolation {unknown}
 G - a scroll of acquirement {unknown}
 O - a scroll of silence {unknown}
 Q - 2 scrolls of enchant weapon
 R - 3 scrolls of identify
Potions
 c - 3 potions of flight
 i - 3 potions of resistance
 m - a potion of invisibility {unknown}
 s - 2 potions of cancellation {unknown}
 v - 5 potions of curing
 D - a potion of mutation {unknown}
 H - a potion of berserk rage {unknown}
 J - a potion of lignification {unknown}
Comestibles
 f - 17 rations


   Skills:
 * Level 8.2 Fighting
 + Level 8.4 Short Blades
 + Level 7.8 Slings
 + Level 10.2 Dodging
 + Level 10.6 Stealth
 + Level 0.0 Spellcasting
 + Level 0.1 Hexes
 - Level 8.0 Evocations


You had one spell level left.
You knew the following spells:

 Your Spells              Type           Power        Failure   Level  Hunger
a - Magic Dart            Conj           #...         30%         1    ##.....
b - Ensorcelled Hibernat  Hex/Ice        #.....       43%         2    ###....
c - Confuse               Hex            #.......     65%         3    ####...
d - Tukima's Dance        Hex            #.......     65%         3    ####...


Dungeon Overview and Level Annotations

Branches:
Dungeon (11/15)            Temple (1/1) D:7            Lair (0/6) D:10
    Orc (0/2) D:9

Altars:
Ashenzari
Cheibriados
Dithmenos
Elyvilon
Fedhas
Gozag
Hepliaklqana
Makhleb
Nemelex Xobeh
Qazlal
Ru
Trog
Uskayaw
Wu Jian
Xom
Yredelemnul
Zin

Shops:
D:5 !!?**   D:8 [%

Annotations:
D:3 Terence


Innate Abilities, Weirdness & Mutations

You are very small and have problems with some larger weapons.
You are too small for most types of armour.
You have supernaturally acute eyesight. (SInv)
You are a herbivore.
You cover ground extremely quickly.
You need consume almost no food.


Message History

The stone hits the snapping turtle but does no damage.
The snapping turtle is lightly wounded.
The hound moves out of view.
The snapping turtle closely misses you.
Evoke which item? (* to show all) (? for menu, Esc to quit)
Aiming: Enslavement
Press: ? - help, Shift-Dir - straight line, f/p - snapping turtle
Aim: a snapping turtle (lightly wounded, chance to defeat MR: 51%)
The snapping turtle is charmed.
The yak gores your snapping turtle!
The orc sorcerer points at you and mumbles some strange words.
The bolt of fire hits your snapping turtle.
The bolt of fire hits you!
Ouch! That really hurt!
* * * LOW HITPOINT WARNING * * *
The soul eater draws from the surrounding life force!
* * * LOW HITPOINT WARNING * * *
The yak gores your snapping turtle but does no damage.
Your snapping turtle bites the orc sorcerer from afar!!
The soul eater draws from the surrounding life force!
You die...
Your body crumbles into a pile of gold.

..#............+
....[.....##.###
####..<...##..# $
#.....####.##
#.....# #..#####.#
#.....# ##.#.....#
#.....#####...###.#
#.....#......)#
#######.####.@#
##.## #..# ##t##
#oY# ##(# #3# #
#h#.# #(.(#


You could see a soul eater, a yak, an orc sorcerer, a hound and a friendly
snapping turtle.

Vanquished Creatures
  Gastronok (D:11)
  3 two-headed ogres
  Pikel (D:6)
  A troll (D:9)
  A dream sheep (D:11)
  2 hippogriffs
  A meliai zombie (D:9)
  2 yaks (D:10)
  The ghost of Oravi the Changer, an amateur MfTm (D:3)
  2 wargs (D:9)
  2 water moccasins
  2 sky beasts
  3 orc warriors (D:9)
  2 ice beasts
  An eye of draining (D:10)
  3 ogres
  2 black bears
  3 phantoms
  2 centaurs
  2 wolves (D:10)
  3 bullfrogs
  A big kobold (D:7)
  5 orc priests
  A water moccasin zombie (D:5)
  5 scorpions
  6 wights
  4 electric eels
  A howler monkey (D:11)
  3 bullfrog zombies
  2 centaur zombies
  3 jellies
  9 orc wizards
  3 hounds
  2 centaur skeletons
  An iguana (D:10)
  8 worker ants
  A worker ant zombie (D:9)
  6 gnolls
  10 adders
  A shadow imp (D:10)
  An adder zombie (D:5)
  2 adder skeletons
  2 worms
  A dart slug (D:2)
  10 leopard geckos
  29 orcs
  2 ball pythons
  4 giant cockroaches
  8 goblins
  7 hobgoblins
  7 jackals
  4 quokkas
  10 bats
  2 frilled lizards
  12 kobolds
  A leopard gecko skeleton (D:5)
  A quokka zombie (D:6)
  6 rats
221 creatures vanquished.

Vanquished Creatures (collateral kills)
  A sky beast (D:10)
  An ogre (D:9)
  A centaur (D:9)
  An orc priest (D:4)
  An orc wizard (D:4)
5 creatures vanquished.

Vanquished Creatures (others)
  A centaur (D:9)
  A hound (D:10)
  An orc priest (D:4)
  A plant (D:6)
4 creatures vanquished.

Grand Total: 230 creatures vanquished

Notes
Turn   | Place    | Note
-------+----------+-------------------------------------------
     0 | D:1      | NullDivider the Spriggan Artificer began the quest for the Orb.
     0 | D:1      | Reached XP level 1. HP: 9/9 MP: 4/4
    34 | D:1      | Reached skill level 1 in Fighting
   105 | D:1      | Reached XP level 2. HP: 14/14 MP: 6/6
   890 | D:1      | Reached XP level 3. HP: 18/18 MP: 7/7
  1894 | D:2      | Reached XP level 4. HP: 13/23 MP: 8/8
  2216 | D:3      | Noticed Terence
  2782 | D:3      | Noticed Oravi's ghost (amateur MfTm)
  2824 | D:3      | Killed Oravi's ghost
  2824 | D:3      | Reached XP level 5. HP: 23/27 MP: 9/9
  3634 | D:4      | Reached XP level 6. HP: 32/32 MP: 10/10
  3974 | D:4      | Reached skill level 5 in Evocations
  4119 | D:4      | Found a shadowy altar of Dithmenos.
  4190 | D:4      | Found a blossoming altar of Fedhas.
  4831 | D:5      | Entered Level 5 of the Dungeon
  4831 | D:5      | Found Xacumo Sami's Magic Scroll Shoppe.
  4865 | D:5      | Reached XP level 7. HP: 35/36 MP: 10/12
  4978 | D:5      | Reached skill level 5 in Dodging
  5053 | D:5      | Found Qahotauz's General Store.
  5072 | D:5      | Found Kohuuxut's Distillery.
  5199 | D:5      | Found Wyut's Assorted Antiques.
  5225 | D:5      | Reached skill level 5 in Stealth
  5286 | D:5      | Found Duost's Distillery.
  5296 | D:5      | Bought a potion of curing for 42 gold pieces
  5648 | D:5      | Reached skill level 5 in Short Blades
  5648 | D:5      | Reached skill level 1 in Slings
  6134 | D:6      | Reached XP level 8. HP: 42/42 MP: 13/13
  6151 | D:6      | Noticed Pikel
  7142 | D:6      | Killed Pikel
  7459 | D:6      | Reached skill level 5 in Fighting
  7994 | D:7      | Reached XP level 9. HP: 37/47 MP: 15/15
  9189 | D:7      | Found a staircase to the Ecumenical Temple.
 10099 | Temple   | Entered the Ecumenical Temple
 10146 | Temple   | Became a worshipper of Gozag Ym Sagoz the Greedy
 10177 | D:8      | Found a snail-covered altar of Cheibriados.
 10276 | D:8      | Found Zasem's Food Shoppe.
 10336 | D:8      | Reached skill level 5 in Slings
 11061 | D:8      | Found Agecimumo's Armour Emporium.
 11553 | D:9      | Noticed a two-headed ogre
 11571 | D:9      | Found a shimmering altar of Xom.
 11780 | D:9      | Found a staircase to the Orcish Mines.
 12653 | D:9      | Reached XP level 10. HP: 53/53 MP: 17/17
 13049 | D:9      | Killed a two-headed ogre
 13773 | D:9      | Learned a level 1 spell: Magic Dart
 14335 | D:10     | Entered Level 10 of the Dungeon
 14560 | D:10     | Noticed a two-headed ogre
 14612 | D:10     | Killed a two-headed ogre
 15652 | D:10     | Reached skill level 10 in Stealth
 15674 | D:10     | Found a staircase to the Lair.
 15686 | D:10     | Noticed a two-headed ogre
 15757 | D:10     | Killed a two-headed ogre
 15757 | D:10     | Reached XP level 11. HP: 57/59 MP: 13/18
 16197 | D:5      | Bought a scroll of enchant weapon for 97 gold pieces
 16197 | D:5      | Bought a scroll of fog for 26 gold pieces
 16197 | D:5      | Bought a scroll of identify for 26 gold pieces
 16197 | D:5      | Bought a scroll of identify for 26 gold pieces
 16197 | D:5      | Bought a scroll of identify for 26 gold pieces
 16197 | D:5      | Bought a scroll of identify for 26 gold pieces
 16197 | D:5      | Bought a scroll of enchant weapon for 97 gold pieces
 16197 | D:5      | Bought a scroll of magic mapping for 45 gold pieces
 16197 | D:5      | Bought a scroll of amnesia for 45 gold pieces
 16197 | D:5      | Bought a scroll of noise for 13 gold pieces
 16233 | D:5      | Bought a scroll of teleportation for 48 gold pieces
 16233 | D:5      | Bought a scroll of identify for 32 gold pieces
 16233 | D:5      | Bought a scroll of remove curse for 48 gold pieces
 16233 | D:5      | Bought a glowing short sword for 96 gold pieces
 16605 | D:11     | Noticed Gastronok
 16835 | D:11     | Killed Gastronok
 16835 | D:11     | Reached skill level 10 in Dodging
 17133 | D:11     | Noticed a deep elf mage
 17407 | D:11     | a deep elf mage changed into a dream sheep
 17697 | D:11     | Learned a level 2 spell: Ensorcelled Hibernation
 17701 | D:11     | Learned a level 3 spell: Confuse
 17705 | D:11     | Learned a level 3 spell: Tukima's Dance
 18023 | D:11     | Noticed an orc sorcerer
 18024 | D:11     | Noticed an orc sorcerer
 18026 | D:11     | an orc sorcerer changed into a snapping turtle
 18041 | D:11     | Noticed a soul eater
 18049 | D:11     | Killed from afar by a soul eater

Skill      XL: |  1  2  3  4  5  6  7  8  9 10 11 |
---------------+----------------------------------+-----
Fighting       | 1 2 3 4 5 6 7 8 |  8.2
Stealth        | 2 3 4 5 7 8 10 | 10.6
Short Blades   | 2 3 4 5 6 8 |  8.4
Dodging        | 4 5 7 8 9 10 | 10.2
Evocations     | 5 6 8 |  8.0
Slings         | 1 3 5 7 |  7.8
Hexes          | |  0.1

Action                   |  1- 3 |  4- 6 |  7- 9 | 10-12 || total
-------------------------+-------+-------+-------+-------++-------
Melee: Short sword       |   148 |   129 |       |       ||   277
       Dagger            |       |    44 |   785 |   294 ||  1123
 Fire: Hunting sling     |       |       |   218 |   403 ||   621
Evoke: Wand              |     2 |    22 |       |    21 ||    45
  Use: Scroll            |       |     7 |     3 |     3 ||    13
 Stab: Sleeping          |    10 |    11 |    25 |     1 ||    47
       Distracted        |     1 |       |     2 |     2 ||     5
       Paralysed         |       |     1 |       |       ||     1
  Eat: Ration            |       |       |     5 |     2 ||     7
Armor: Robe              |    14 |    17 |    77 |    25 ||   133
Dodge: Dodged            |   134 |   123 |   553 |   340 ||  1150
Block: Other             |       |     1 |   107 |    70 ||   178
       Reflection        |       |       |     1 |     1 ||     2
